General information
- name: BNet
- type: Ladder 1vs1/FFA
- host: Battle.net
- saver: GreedoftheNoob
map: GnollWood
- players: 2
- length: 59:22
- speed: Fast
- version: 1.21 W3XP
- replay type: Public
» download(207 KB)
Players
team 1 (winner)
GreedoftheNoob (
red | 84 APM | 4959 actions | 59:22)
7 Archmage
3 Summon Water Elemental
3 Brilliance Aura
1 Mass Teleport
7 Mountain King
3 Storm Bolt
3 Thunder Clap
1 Avatar
» actions
| Assign group hotkey | 85 | |
| Basic commands | 757 | |
| Build / train | 98 | |
| ESC pressed | 2 | |
| Enter build submenu | 27 | |
| Enter hero's abilities submenu | 14 | |
| Give item / drop item | 21 | |
| Right click | 1655 | |
| Select / deselect | 1126 | |
| Select group hotkey | 943 | |
| Use ability | 230 | |
4959 total
» units
| Peasant | 18 | |
| Footman | 5 | |
| Rifleman | 2 | |
| Sorceress | 4 | |
| Mortar Team | 6 | |
| Spell Breaker | 8 | |
| Knight | 5 | |
| Priest | 5 | |
| Gryphon Rider | 2 | |
55 total
» upgrades
| Sorceress Training | 2 | |
| Long Rifles | 1 | |
| Gunpowder | 1 | |
| Fragmentation Shards | 1 | |
| Flare | 1 | |
| Animal War Training | 1 | |
| Swords | 2 | |
| Priest Training | 2 | |
11 total
» buildings
| Altar of Kings | 1 | |
| Farm | 12 | |
| Barracks | 1 | |
| Scout Tower | 1 | |
| Arcane Tower | 1 | |
| Keep | 2 | |
| Arcane Vault | 1 | |
| Lumber Mill | 1 | |
| Arcane Sanctum | 1 | |
| Blacksmith | 1 | |
| Workshop | 1 | |
| Castle | 1 | |
| Town Hall | 2 | |
| Gryphon Aviary | 1 | |
27 total
» build order
00:08 Altar of Kings
00:18 Farm
00:23 Farm
00:34 Barracks
01:32 Scout Tower
02:04 Arcane Tower
02:11 Farm
03:07 Farm
03:32 Keep
03:32 Keep
03:36 Farm
04:43 Arcane Vault
05:46 Lumber Mill
06:11 Arcane Sanctum
06:13 Blacksmith
07:08 Workshop
08:39 Farm
08:41 Farm
08:50 Castle
10:35 Farm
12:40 Farm
13:32 Farm
15:42 Farm
18:32 Farm
25:07 Town Hall
28:10 Gryphon Aviary
37:45 Town Hall
» items
| Scroll of Regeneration | 3 | |
| Scroll of Town Portal | 5 | |
| Scroll of Protection | 1 | |
| Potion of Lesser Invulnerability | 1 | |
10 total
team 2 (loser)
yinpoker (
purple | 123 APM | 7294 actions | 59:20)
8 Demon Hunter
3 Mana Burn
3 Evasion
1 Metamorphosis
1 Immolation
» actions
| Assign group hotkey | 62 | |
| Basic commands | 955 | |
| Build / train | 99 | |
| ESC pressed | 23 | |
| Enter build submenu | 30 | |
| Enter hero's abilities submenu | 8 | |
| Give item / drop item | 7 | |
| Right click | 2593 | |
| Select / deselect | 894 | |
| Select group hotkey | 2341 | |
| Use ability | 282 | |
7294 total
» units
| Wisp | 37 | |
| Huntress | 10 | |
| Dryad | 10 | |
| Druid of the Claw | 10 | |
| Hippogryph | 1 | |
68 total
» upgrades
| Druid of the Claw Training | 2 | |
| Abolish Magic | 1 | |
| Mark of the Claw | 1 | |
| Strength of the Wild | 3 | |
| Reinforced Hides | 3 | |
| Well Spring | 1 | |
11 total
» buildings
| Altar of Elders | 1 | |
| Moon Well | 7 | |
| Hunter's Hall | 1 | |
| Ancient of War | 1 | |
| Tree of Ages | 1 | |
| Ancient of Lore | 2 | |
| Ancient of Wonders | 1 | |
| Tree of Eternity | 1 | |
| Tree of Life | 10 | |
| Ancient of Wind | 1 | |
26 total
» build order
00:07 Altar of Elders
00:19 Moon Well
01:55 Hunter's Hall
01:59 Ancient of War
02:12 Moon Well
03:33 Tree of Ages
06:08 Moon Well
06:14 Ancient of Lore
06:17 Ancient of Lore
06:33 Ancient of Wonders
07:13 Tree of Eternity
09:07 Moon Well
09:10 Moon Well
12:54 Tree of Life
13:02 Tree of Life
13:09 Moon Well
16:15 Tree of Life
17:36 Moon Well
19:11 Tree of Life
22:46 Ancient of Wind
23:17 Tree of Life
25:05 Tree of Life
32:35 Tree of Life
41:48 Tree of Life
45:41 Tree of Life
50:36 Tree of Life
» items
| Potion of Healing | 2 | |
| Staff of Preservation | 1 | |
| Potion of Lesser Invulnerability | 3 | |
| Scroll of Town Portal | 1 | |
| Staff of Teleportation | 1 | |
| Scroll of Healing | 1 | |
9 total
Chat log
(00:09 / All) GreedoftheNoob: gl hf
(00:12 / All) yinpoker: u2
(43:12 / All) GreedoftheNoob: ill sell you 1000 lumber for 200 gold